 Dungeon Crawl Stone Soup version 0.29.1-1-gd02db6906a (webtiles) character file.

Game seed: 7391260672391317523

51 Sanktem7 the Trooper (level 3, -3/34 HPs)
             Began as a Minotaur Fighter on Oct 2, 2022.
             Slain by a wandering mushroom (8 damage)
             ... created by the enmity of Fedhas Madash
             ... on level 2 of the Dungeon.
             The game lasted 00:03:26 (1239 turns).

Sanktem7 the Trooper (Minotaur Fighter)             Turns: 1239, Time: 00:03:26

Health: -3/34      AC: 10    Str: 22    XL:     3   Next: 58%
Magic:  2/2        EV:  9    Int:  5    God:
Gold:   103        SH:  0    Dex:  9    Spells: 2/2 levels left

rFire   . . .      SeeInvis .   a - +0 war axe {axe}
rCold   . . .      Faith    .   c - +0 buckler
rNeg    . . .      Spirit   .   b - +0 scale mail
rPois   .          Reflect  .   (helmet restricted)
rElec   .          Harm     .   m - +2 cloak
rCorr   .          Rampage  .   (no gloves)
Will    .....                   (no boots)
Stlth   ..........              n - amulet of regeneration {@e2}
HPRegen 0.91/turn               (no ring)
MPRegen 0.08/turn               (no ring)

@: confused
A: horns 2, retaliatory headbutt
a: no special abilities


You were on level 2 of the Dungeon.
You visited 1 branch of the dungeon, and saw 2 of its levels.

You collected 103 gold pieces.


Innate Abilities, Weirdness & Mutations

You have a pair of horns on your head.
You reflexively headbutt those who attack you in melee.


   Skills:
 * Level 4.7 Fighting
 * Level 3.8 Axes
 - Level 3.6 Armour
 - Level 3.6 Shields


You had 2 spell levels left.
You didn't know any spells.
Your spell library contained the following spells:

 Spells                   Type           Power      Damage    Failure   Level
 Slow                     Hex            0%         N/A       88%         1
 Confusing Touch          Hex            0%         N/A       99%         3
 Vampiric Draining        Necr           0%         2d6       99%         3

Inventory:

Hand Weapons
 a - a +0 war axe (weapon) {axe}
 o - a +0 dagger of protection {short}
   (You found it on level 1 of the Dungeon)
Missiles
 f - 12 stones (quivered) {throwing}
 w - 5 poisoned darts {throwing}
Armour
 b - a +0 scale mail (worn)
 c - a +0 buckler (worn)
 h - a +0 leather armour
   (You found it on level 1 of the Dungeon)
 j - a +0 leather armour
   (You found it on level 1 of the Dungeon)
 k - a +0 scale mail
   (You found it on level 1 of the Dungeon)
 l - a +0 leather armour
   (You found it on level 1 of the Dungeon)
 m - a +2 cloak (worn)
   (You found it on level 1 of the Dungeon)
 u - a +0 robe
   (You found it on level 2 of the Dungeon)
 v - a +0 leather armour
   (You found it on level 2 of the Dungeon)
 x - a +0 chain mail
   (You found it on level 2 of the Dungeon)
Jewellery
 n - an amulet of regeneration (around neck) {@e2}
   (You found it on level 1 of the Dungeon)
Scrolls
 g - a scroll of silence {unknown}
 p - a scroll of teleportation {unknown}
 r - a scroll of brand weapon {unknown}
 t - a scroll of vulnerability {unknown}
Potions
 d - a potion of might
 e - 5 potions of curing {unknown}
 i - a potion of mutation {unknown}
 q - a potion of cancellation {unknown}
 s - a potion of degeneration {unknown}

Dungeon Overview and Level Annotations

Branches:
Dungeon (2/15) Zot: 10734

Altars:
Fedhas

†..# ##.# ...# #.##
...# #..# ...#
##.###### ####
#......## #
######..###########
# ##..#........#
#######..........#
#...†@##.........#
#...!.#f####'#######
#.... #.#
#.....##### #... #.#
#####..#.'###
######.. #.#
##...#..# +...<###+#
#.# ##..#...
##.......###'#####
##.##..
#.#######.......#
##.#.. #.####
#.......# ###..


You could see a wandering mushroom.


Message History

You closely miss the bat. The bat completely misses you.
The bat barely misses you.
You slash the bat!
You kill the bat!
No target in view!
No target in view!
No target in view!
No target in view!
No target in view!
No target in view!
No target in view!
No target in view!
No target in view!
No target in view!
No target in view!
No target in view!
No target in view!
No target in view!
No target in view!
No target in view!
You now have 103 gold pieces (gained 14).
v - a +0 leather armour;
w - 5 poisoned darts {throwing} You open the door.
There is an open door here.
You open the door.
There is an open door here.
There is a blossoming altar of Fedhas here.
You open the door.
Found an escape hatch in the floor.
There is an open door here.
Found a stone staircase leading down.
x - a +0 chain mail As you open the door, it creaks loudly!
There is a stone staircase leading down here.
There is an open door here.
There is an open door here.
There is an open door here.
There is an open door here.
There is an open door here.
There is an open door here.
A giant cockroach comes into view.
The giant cockroach moves out of view.
A giant cockroach is nearby!
You hit the giant cockroach.
Your headbutt misses the giant cockroach.
The giant cockroach bites you but does no damage.
The giant cockroach bites you.
Plants grow around you in an ominous manner. 😕 HP[-1]
You take 1 damage, and now have 33/34 hp.
You closely miss the giant cockroach.
You headbutt the giant cockroach, but do no damage.
You hit the wandering mushroom but do no damage.
The giant cockroach bites you but does no damage.
The giant cockroach misses you. 😎 HP[+1]
Your hp is fully restored (34).
You slash the giant cockroach!
You kill the giant cockroach!
You hit the wandering mushroom but do no damage.
The wandering mushroom barely misses you.
You hit the wandering mushroom.
The wandering mushroom releases spores at you!
You are engulfed in a cloud of spores! 😮 HP[-15]
You take 15 damage, and now have 19/34 hp.
MASSIVE DAMAGE!! (PAUSE)
You slash the wandering mushroom!
The wandering mushroom releases spores at you but does no damage.
The wandering mushroom closely misses you. 😮 HP[+1]
You slash the wandering mushroom! You headbutt the wandering mushroom.
The wandering mushroom releases spores at you.
* * * LOW HITPOINT WARNING * * *
You are engulfed in a cloud of spores!
You are confused. 😨 HP[-3]
You take 3 damage, and now have 17/34 hp.
You bump into the rock wall.
The wandering mushroom barely misses you. 😮 HP[+1]
You bump into the rock wall.
The wandering mushroom releases spores at you.
* * * LOW HITPOINT WARNING * * *
You are engulfed in a cloud of spores! 😨 HP[-5]
You take 5 damage, and now have 13/34 hp.
You bump into the rock wall.
The wandering mushroom releases spores at you!
* * * LOW HITPOINT WARNING * * *
You are engulfed in a cloud of spores! 😱 HP[-10]
You take 10 damage, and now have 3/34 hp.
MASSIVE DAMAGE!! (PAUSE)
You bump into the rock wall.
The wandering mushroom closely misses you. 😱 HP[+1]
You bump into the rock wall.
The wandering mushroom releases spores at you!
You die...

Skill      XL: |  1  2 |
---------------+-------+-----
Fighting       | 4 |  4.7
Axes           | 3 |  3.8
Armour         | |  3.6
Shields        | |  3.6

Action                   || total
-------------------------++-------
Melee: War axe           ||    67
       Headbutt          ||     7
Invok: Renounce Religion ||     1
Armor: Scale mail        ||    38
Dodge: Dodged            ||    27
Block: Buckler           ||    18

Levels and vault maps discovered:
D:1:      dpeg_arrival_pits, layout_loops_ring
D:2:      layout_basic, hellmonk_ecumenical_altar_slurped_away

Notes
Turn   | Place    | Note
-------+----------+-------------------------------------------
     0 | D:1      | Sanktem7 the Minotaur Fighter began the quest for the Orb.
     0 | D:1      | Reached XP level 1. HP: 19/19 MP: 0/0
     0 | D:1      | magus.rc [v1.9.6]
   241 | D:1      | Reached skill level 4 in Fighting
   339 | D:1      | Reached XP level 2. HP: 27/27 MP: 1/1
   347 | D:1      | Reached skill level 3 in Axes
   869 | D:2      | Found a faded altar of an unknown god.
   899 | D:2      | Reached XP level 3. HP: 34/34 MP: 2/2
   909 | D:2      | Prayed at the altar of an unknown god.
   909 | D:2      | Became a worshipper of Fedhas Madash
   909 | D:2      | Reached * piety under Fedhas
   910 | D:2      | Fell from the grace of Fedhas
  1009 | D:2      | You pick up a book of Debilitation and begin reading...
  1009 | D:2      | You add the spells Slow, Vampiric Draining and Confusing
                  | Touch to your library.
  1230 | D:2      | Noticed a wandering mushroom
  1237 | D:2      | HP: 3/34 [wandering mushroom[the enmity of Fedhas Madash]
                  | (11)]
  1239 | D:2      | Slain by a wandering mushroom

Vanquished Creatures
  2 adders (D:2)
  4 endoplasms
  3 giant cockroaches
  A goblin (D:1)
  4 hobgoblins
  2 jackals (D:1)
  A quokka (D:1)
  5 ball pythons
  4 bats
  2 frilled lizards (D:1)
  A kobold (D:1)
  A rat (D:1)
30 creatures vanquished.

Table legend:
 A = Non-vault XP
 B = Vault XP
 C = Vault XP percentage of total XP
 D = Non-vault monster count
 E = Vault monster count
 F = Vault count percentage of total count
                 A         B        C        D         E       F
            +---------+---------+-------+---------+---------+-------
      Total |      72 |       2 |   2.7 |      29 |       1 |   3.3
            +---------+---------+-------+---------+---------+-------
        D:1 |      29 |       0 |   0.0 |      18 |       0 |   0.0
        D:2 |      43 |       2 |   4.4 |      11 |       1 |   8.3
            +---------+---------+-------+---------+---------+-------

Illustrated notes

Table legend:
 A = Kills in this place as a percentage of kills in entire the game.
 B = Kills by you in this place as a percentage of kills by you in the entire game.
 C = Kills by friends in this place as a percentage of kills by friends in the entire game.
 D = Other kills in this place as a percentage of other kills in the entire game.
 E = Experience gained in this place as a percentage of experience gained in the entire game.
 F = Experience gained in this place divided by the number of levels of this place that you have seen.
                   A       B       C       D       E      F
               +-------+-------+-------+-------+-------+----------------------
         Total | 100.0 | 100.0 |   N/A |   N/A | 100.0 |  37.0
       Dungeon | 100.0 | 100.0 |   N/A |   N/A | 100.0 |  37.0
               +-------+-------+-------+-------+-------+----------------------

Table legend: (Time is in decaauts)
 A = Elapsed time spent in this place.
 B = Non-inter-level travel time spent in this place.
 C = Inter-level travel time spent in this place.
 D = Time resting spent in this place.
 E = Time spent auto-exploring this place.
 F = Levels seen in this place.
 G = Mean time per level.
                   A        B        C        D        E       F      G
               +--------+--------+--------+--------+--------+-----+--------+
         Total |   1264 |   1209 |     55 |      0 |   1014 |   2 |  632.0 |
       Dungeon |   1264 |   1209 |     55 |      0 |   1014 |   2 |  632.0 |
               +--------+--------+--------+--------+--------+-----+--------+

Top non-repeatable levels by time:
     D:1: 828 daAuts
     D:2: 436 daAuts
